Map: Ruins of Seras

Players

SticklerMac

  • Race: Terran Terran
  • League: Bronze

Macabros - Winner!

  • Race: Protoss Protoss
  • League: Bronze

VOD

Have the link to the VOD?

Description

Time

  • Played on: July 28, 2015, 4:46 p.m.
  • Length: 7:11
Show
View Real Time Build Order
Export as new Build Order

SticklerMac Terran 

Build Orders:  

Get SALT Encoding   

  12  0:01  SCV  
  13  0:13  SCV  
  14  0:25  SCV  
  14  0:26  Supply Depot  
  15  0:31  Refinery  
  15  0:47  SCV  
  15  0:49  Barracks  
  16  0:59  SCV  
  17  1:12  SCV  
  18  1:32  SCV  
  19  1:37  Factory  
  19  1:40  Barracks  
  19  1:44  SCV  
  20  1:50  Refinery  
  20  1:56  Barracks Tech Lab  
  20  1:58  SCV  
  21  2:11  SCV  
  22  2:20  Supply Depot  
  22  2:22  Supply Depot  
  22  2:29  Factory Reactor  
  22  2:30  Barracks Reactor  
  22  2:32  Barracks Tech Lab  
  22  2:34  SCV  
  23  2:42  Marauder  
  25  2:49  SCV  
  26  2:52  Marauder  
  28  3:05  Widow Mine x2  
  28  3:08  Marauder  
  34  3:13  Marauder  
  34  3:16  Supply Depot  
  36  3:29  Marauder  
  38  3:38  Marauder  
  40  3:44  Widow Mine x2  
  44  3:50  Marauder  
  46  4:13  Marauder  
  46  4:46  Supply Depot  
  46  4:48  Supply Depot  
  46  4:53  Marauder  
  46  5:07  Widow Mine x2  
  46  5:08  Marauder  
  52  5:15  Marauder  
  52  5:18  Orbital Command  
  44  5:29  Marauder  
  39  5:36  Marauder, Widow Mine x2  
  45  5:51  Marauder  
  45  5:57  Marauder  
  45  6:04  Widow Mine x2  
  49  6:12  Marauder  
  49  6:19  Marauder  
  45  6:33  Widow Mine x2  
  45  6:34  Marauder  
  49  6:40  Marauder  
Show
View Real Time Build Order
Export as new Build Order

Macabros Protoss - Winner!

Build Orders: Dark Templar Rush 

Get SALT Encoding   

  12  0:01  Probe  
  13  0:13  Probe  
  14  0:27  Pylon  
  14  0:39  Assimilator  
  14  0:45  Probe (Chrono Boost)  
  14  0:49  Gateway  
  15  0:54  Probe (Chrono Boost)  
  16  0:58  Assimilator  
  16  1:02  Probe (Chrono Boost)  
  17  1:14  Probe (Chrono Boost)  
  18  1:26  Gateway  
  18  1:38  Cybernetics Core  
  18  1:39  Probe (Chrono Boost)  
  19  1:49  Probe (Chrono Boost)  
  19  1:53  Pylon  
  20  1:56  Probe  
  21  2:16  Stalker, Sentry  
  21  2:21  Twilight Council  
  25  2:30  Pylon  
  25  2:38  Mothership Core (Chrono Boost)  
  27  3:01  Dark Shrine  
  27  3:02  Warp Gate (Chrono Boost)  
  27  3:11  Gateway  
  27  3:13  Pylon  
  27  3:21  Pylon  
  27  3:24  Probe (Chrono Boost)  
  28  3:35  Probe (Chrono Boost)  
  28  3:41  Probe (Chrono Boost)  
  29  3:53  Probe (Chrono Boost)  
  30  4:02  Probe (Chrono Boost)  
  30  4:10  Probe  
  33  4:38  Dark Templar (Chrono Boost)  
  33  4:44  Probe  
  36  4:46  Dark Templar (Chrono Boost)  
  36  4:49  Dark Templar (Chrono Boost)  
  36  4:50  Forge  
  36  4:56  Probe  
  37  5:08  Probe  
  40  5:20  Dark Templar (Chrono Boost)  
  40  5:37  Dark Templar (Chrono Boost)  
  40  5:47  Dark Templar (Chrono Boost)  
  42  5:55  Photon Cannon  
  42  5:57  Dark Templar (Chrono Boost), Photon Cannon  
  42  6:03  Pylon  
  36  6:09  Dark Templar (Chrono Boost)  
  38  6:24  Dark Templar (Chrono Boost)  
  40  6:30  Photon Cannon  
  40  6:33  Photon Cannon  
  40  6:38  Nexus  
  38  7:09  Assimilator  
Tags
 
Add a new tag
Caveats
  • Supply blocks, unpowered buildings, or Contaminate may cause inaccurate times.
  • Supply counts are checked every 10 seconds.